 Dungeon Sprint DCSS version 0.17-a0-2147-gfb20a63 (webtiles) character file.

6 esc the Ducker (level 1, 0/17 HPs)
             Began as a Demonspawn Gladiator on Oct 24, 2015.
             Splashed by a jelly's acid (1 damage)
             ... in the Dungeon (Sprint IX: "|||||||||||||||||||||||||||||").
             The game lasted 00:00:29 (87 turns).

esc the Ducker (Demonspawn Gladiator)                 Turns: 87, Time: 00:00:29

Health: 0/17       AC:  0    Str: 15    XL:     1   Next: 75%
Magic:  1/1        EV: 13    Int:  9    God:
Gold:   0          SH:  0    Dex: 13    Spells: 0 memorised, 0 levels left

rFire  . . .     SeeInvis .     a - +0 trident
rCold  . . .     Clarity  .     b - +0 leather armour
rNeg   . . .     SustAt   .     (no shield)
rPois  .         Gourm    .     c - +0 helmet
rElec  .         Spirit   .     (no cloak)
rCorr  .         Warding  .     (no gloves)
rMut   .         NoTele   +     (no boots)
MR     .....                    (no amulet)
Stlth  +.........               (no ring)
                                (no ring)

@: corroded equipment, not resistant to hostile enchantments, very unstealthy
A: no striking features
a: no special abilities


You were in the Dungeon.
You were not hungry.

You visited 1 branch

Inventory:

Hand Weapons
 a - a +0 trident (weapon)
Missiles
 d - 3 throwing nets {=f, !d}
Armour
 b - a +0 leather armour (worn)
 c - a +0 helmet (worn)
Scrolls
 k - a scroll of blinking {!r}
Potions
 f - a potion of curing
 g - a potion of heal wounds
 h - a potion of haste
 i - 2 potions of magic
 j - a potion of berserk rage {!q}
Comestibles
 e - a bread ration {@e1}


   Skills:
 + Level 2.6 Fighting
 + Level 3.1 Polearms
 - Level 1.7 Throwing
 + Level 1.1 Armour
 + Level 3.2 Dodging


You couldn't memorise any spells.
You didn't know any spells.

Dungeon Overview and Level Annotations

Branches:
Dungeon (1/1)

Altars:


Message History

Welcome, esc the Demonspawn Gladiator.
Found a staircase leading out of the dungeon.
You open the door.
A ball python, a giant cockroach and 3 kobolds come into view.
The kobold shouts!
Attack whom?
Aim: a kobold, wielding a short sword (hasn't noticed you)
You reach to attack!
You barely miss the kobold.
The kobold shouts!
You hit the kobold.
You kill the kobold!
Attack whom?
Aim: a giant cockroach (clinging)
You reach to attack!
You hit the giant cockroach but do no damage.
The giant cockroach closely misses you.
You hit the giant cockroach but do no damage.
The giant cockroach barely misses you.
You hit the giant cockroach. The giant cockroach misses you.
You hit the giant cockroach. The giant cockroach closely misses you.
The giant cockroach bites you but does no damage.
You hit the giant cockroach but do no damage.
The giant cockroach bites you.
You take 2 damage, and have 14/16 hp.
You hit the giant cockroach.
You kill the giant cockroach!
You completely miss the kobold. The kobold hits you.
You barely miss the kobold. The kobold closely misses you.
You take 1 damage, and have 13/17 hp.
You closely miss the kobold. The kobold closely misses you.
You puncture the kobold!
You kill the kobold!
Your Polearms skill increases to level 3!
Your Armour skill increases to level 1!
Your Dodging skill increases to level 3!
The ball python closely misses you. The ball python grabs you.
The ball python constricts you.
You closely miss the ball python.
The ball python bites you but does no damage.
The ball python constricts you.
You hit the ball python.
You kill the ball python!
You closely miss the kobold. The kobold closely misses you.
You barely miss the kobold. The kobold hits you but does no damage.
You hit the kobold.
You kill the kobold!
No target in view!
There is an open door to the Dungeon here.
Items here: ) ††† a short sword; a kobold corpse; a kobold corpse; a kobold corpse You butcher the kobold corpse.
There is an open door to the Dungeon here.
Items here: % ) ÷ †† a short sword; a kobold corpse; 2 inedible chunks of flesh {@w0} a kobold skeleton; a kobold corpse You butcher the kobold corpse.
There is an open door to the Dungeon here.
Items here: %% ) ÷ † a short sword; a kobold corpse; 2 inedible chunks of flesh {@w0} a kobold skeleton; 2 inedible chunks of flesh {@w0} You butcher the kobold corpse.
There is an open door to the Dungeon here.
Items here: %%% ) ÷÷ a short sword; 2 inedible chunks of flesh {@w0} 2 inedible chunks of flesh {@w0}; a kobold skeleton 2 inedible chunks of flesh {@w0}; a kobold skeleton You start resting.
Health restored: 17 You open the door.
A jelly, a giant cockroach, an orc and 2 zombies come into view.
The orc shouts!
You hit the giant cockroach but do no damage.
The giant cockroach closely misses you. The giant cockroach bites you.
You take 2 damage, and have 15/17 hp.
You closely miss the giant cockroach. The giant cockroach barely misses you.
You hit the giant cockroach.
You kill the giant cockroach!
You puncture the jelly!
Your hands burn!
The jelly hits you.
You are splashed with acid!
The acid burns!
Ouch! That really hurt!
* * * LOW HITPOINT WARNING * * *
The jelly hits you but does no damage.
You take 14 damage, and have 1/17 hp.
MASSIVE DAMAGE!!
You hit the jelly. The acid corrodes you!
Your hands burn!
You die... ▓▓▓▓▓▓▓▓▓▓▓▓▓▓▓▓▓▓▓ +..oZZJ@....)....<▓ ▓▓▓▓▓▓▓▓▓▓▓▓▓▓▓▓▓▓▓

You could see a jelly, an orc, a bat zombie and an adder zombie.

Vanquished Creatures
  2 giant cockroaches (D)
  A ball python (D)
  3 kobolds (D)
6 creatures vanquished.

Notes
Turn   | Place    | Note
--------------------------------------------------------------
     0 | D        | esc the Demonspawn Gladiator began the quest for the Orb.
     0 | D        | Reached XP level 1. HP: 16/16 MP: 1/1
    16 | D        | Reached skill level 3 in Polearms
    16 | D        | Reached skill level 1 in Armour
    16 | D        | Reached skill level 3 in Dodging
    82 | D        | Noticed a jelly
    86 | D        | HP: 1/17 [acid (9)]
    87 | D        | Splashed by a jelly's acid

Vault maps used:
D:        linesprint

Action                   || total
-------------------------++-------
Melee: Trident           ||    22

Vault maps used:
D:        linesprint

Table legend:
 A = Turns spent in this place as a percentage of turns spent in the entire game.
 B = Non-inter-level travel turns spent in this place as a percentage of non-inter-level travel turns spent in the entire game.
 C = Inter-level travel turns spent in this place as a percentage of turns spent in this place.
 D = Turns resting spent in this place as a percentage of non-inter-level travel turns spent in this place.
 E = Turns spent auto-exploring this place as a percentage of non-inter-level travel turns spent in this place.
 F = Non-inter-level travel turns spent in this place divided by the number of levels of this place that you've seen.
                   A       B       C       D       E      F
               +-------+-------+-------+-------+-------+----------------------
         Total | 100.0 | 100.0 |   0.0 |   4.7 |   0.0 |  43.0
       Dungeon | 100.0 | 100.0 |   0.0 |   4.7 |   0.0 |  43.0
               +-------+-------+-------+-------+-------+----------------------

Table legend:
 A = Kills in this place as a percentage of kills in entire the game.
 B = Kills by you in this place as a percentage of kills by you in the entire game.
 C = Kills by friends in this place as a percentage of kills by friends in the entire game.
 D = Other kills in this place as a percentage of other kills in the entire game.
 E = Experience gained in this place as a percentage of experience gained in the entire game.
 F = Experience gained in this place divided by the number of levels of this place that you have seen.
                   A       B       C       D       E      F
               +-------+-------+-------+-------+-------+----------------------
         Total | 100.0 | 100.0 |  -nan |  -nan | 100.0 |   9.0
       Dungeon | 100.0 | 100.0 |  -nan |  -nan | 100.0 |   9.0
               +-------+-------+-------+-------+-------+----------------------
